 Dungeon Crawl Stone Soup version 0.30-a0-222-ge547ba4400 (webtiles) character file.

Game seed: 17840843301922562494

54 qw the Chopper (level 3, -7/23 HPs)
             Began as a Gargoyle Fighter on Oct 8, 2022.
             Mangled by Sigmund
             ... wielding a +0 scythe
              (10 damage)
             ... on level 2 of the Dungeon.
             The game lasted 00:00:51 (1374 turns).

qw the Chopper (Gargoyle Fighter)                   Turns: 1374, Time: 00:00:51

Health: -7/23      AC: 10    Str: 21    XL:     3   Next: 91%
Magic:  3/3        EV:  9    Int:  8    God:
Gold:   136        SH:  4    Dex:  9    Spells: 2/2 levels left

rFire   . . .      SeeInvis .    Y - +0 war axe
rCold   . . .      Faith    .    c - +0 buckler
rNeg    + . .      Spirit   .    b - +0 scale mail
rPois   inf        Reflect  .    (no helmet)
rElec   +          Harm     .    (no cloak)
rCorr   .          Rampage  .    (no gloves)
Will    .....                    (no boots)
Stlth   ..........               (no amulet)
HPRegen 0.23/turn                (no ring)
MPRegen 0.08/turn                (no ring)

@: no status effects
A: sickness immunity, AC +3, negative energy resistance 1, electricity
resistance, torment resistance 1, petrification resistance
a: no special abilities


You were on level 2 of the Dungeon.
You visited 1 branch of the dungeon, and saw 2 of its levels.

You collected 136 gold pieces.


Innate Abilities, Weirdness & Mutations

You are immune to sickness and miasma.
Your stone body is resilient. (AC +3)
You are immune to poison.
You resist negative energy. (rN+)
You are resistant to electric shocks. (rElec)
You are resistant to unholy torment.
You are immune to petrification.


   Skills:
 - Level 3.2 Fighting
 + Level 3.7 Axes
 - Level 3.2 Armour
 - Level 3.2 Shields


You had 2 spell levels left.
You didn't know any spells.
Your spell library was empty.

Inventory:

Hand Weapons
 i - a +0 flail
 Y - a +0 war axe (weapon)
Armour
 b - a +0 scale mail (worn)
 c - a +0 buckler (worn)
 h - a +0 chain mail
Scrolls
 a - a scroll of enchant weapon {unknown}
Potions
 d - 2 potions of might
 e - a potion of lignification {unknown}
 f - 3 potions of attraction {unknown}
 g - a potion of magic {unknown}

Dungeon Overview and Level Annotations

Branches:
Dungeon (2/15)

Altars:

Annotations:
D:2 Sigmund


Message History

You slash the jackal!
You kill the jackal!
You block the jackal's attack.
You closely miss the jackal.
The jackal bites you but does no damage.
The jackal completely misses you.
You slash the jackal!
You kill the jackal!
You start resting.
HP restored.
Things that are here:
a jackal corpse; a jackal corpse Sigmund shouts!
Sigmund points at you and mumbles some strange words.
You resist with significant effort. Sigmund closely misses you.
Sigmund points at you and mumbles some strange words.
You resist with significant effort.
You closely miss Sigmund. Sigmund hits you but does no damage.
You completely miss Sigmund.
Sigmund giggles. "Time to reap what you sow."
Sigmund casts a spell.
Sigmund flickers and vanishes!
Deactivating autopickup; reactivate with Ctrl-A.
You miss something. Something hits you!
You barely miss something. Something hits you!
You completely miss something. Something hits you.
You closely miss something. Something hits you.
You closely miss something.
You hear some strange, mumbled words.
A puff of flame appears from out of thin air!
The puff of flame hits you but does no damage.
You closely miss something. Something hits you!
You die...

#.# #.#...:..###
#%### #........#..
#...#####
####.....#.#
###.##..# #.....#.# .
#.##..#.#####.....#.#
#
#.....#.....'.....'.#
#
#####.#######.....###
# #..........{..####
# #..###....@......#
#..#.............#
....#.............#
####.##........)...#
................#
####............#
..............#
.#............#
#............#


There were no monsters in sight!

Vanquished Creatures
  An adder (D:2)
  2 worms (D:2)
  An orc (D:2)
  4 ball pythons
  2 endoplasms (D:1)
  3 giant cockroaches
  2 goblins
  3 hobgoblins
  4 jackals (D:2)
  A quokka (D:1)
  4 bats
  3 frilled lizards (D:2)
  2 kobolds
  4 rats (D:1)
36 creatures vanquished.

Vanquished Creatures (others)
  A plant (D:1)
1 creature vanquished.

Grand Total: 37 creatures vanquished

Notes
Turn   | Place    | Note
-------+----------+-------------------------------------------
     0 | D:1      | qw the Gargoyle Fighter began the quest for the Orb.
     0 | D:1      | Reached XP level 1. HP: 14/14 MP: 1/1
     0 | D:1      | 0 ||| qw: Version: 0.2-a-17-g06abaee
     0 | D:1      | 0 ||| qw: Game counter: 2028
     0 | D:1      | 0 ||| qw: Always use a shield: true
     0 | D:1      | 0 ||| qw: God list: Okawaru
     0 | D:1      | 0 ||| qw: Allow faded altars: false
     0 | D:1      | 0 ||| qw: Do Orc after D:15 true
     0 | D:1      | 0 ||| qw: Do second Lair branch before Depths: true
     0 | D:1      | 0 ||| qw: Lair rune preference: random
     0 | D:1      | 0 ||| qw: Plans: Normal, Zot:1-4, God:TSO, Crypt, Tomb,
                  | Pan, Slime:5, Hells, Abyss, Orb
     0 | D:1      | 0 ||| PLANNING D:1-11
    95 | D:1      | Reached XP level 2. HP: 10/19 MP: 2/2
   101 | D:1      | 101 ||| Stepping ~*~*~tactically~*~*~ (stealth).
   163 | D:1      | 163 ||| Stepping ~*~*~tactically~*~*~ (stealth).
   164 | D:1      | 164 ||| Stepping ~*~*~tactically~*~*~ (stealth).
   165 | D:1      | 165 ||| DROPPING +0 club.
   303 | D:1      | Found a faded altar of an unknown god.
   381 | D:1      | Reached skill level 3 in Axes
   612 | D:1      | 612 ||| DROPPING +0 hat of stealth.
   613 | D:1      | 613 ||| READING 3 scrolls labelled ZUAQIJ URAM.
   616 | D:1      | 616 ||| READING scroll labelled VAOMACR ORIDA.
   617 | D:1      | 617 ||| READING 3 scrolls labelled SAMNUZX PAOFE.
   618 | D:1      | 618 ||| READING scroll labelled PETTODU ELAXKA.
   619 | D:1      | 619 ||| DROPPING 2 scrolls of blinking.
   643 | D:2      | 643 ||| STAIRDANCE
   673 | D:2      | Reached XP level 3. HP: 23/23 MP: 3/3
   691 | D:2      | Noticed Sigmund
   707 | D:2      | HP: 5/23 [something (6)]
   710 | D:2      | 710 ||| READING 2 scrolls of teleportation.
   815 | D:2      | 815 ||| Invisible monster not found???
   962 | D:2      | HP: 5/23 [Sigmund/+0 scythe (4)]
   963 | D:2      | 963 ||| READING scroll of teleportation.
  1157 | D:2      | 1157 ||| Stepping ~*~*~tactically~*~*~ (stealth).
  1158 | D:2      | 1158 ||| Stepping ~*~*~tactically~*~*~ (stealth).
  1170 | D:2      | 1170 ||| Stepping ~*~*~tactically~*~*~ (stealth).
  1370 | D:2      | HP: 4/23 [something (10)]
  1374 | D:2      | Mangled by Sigmund

Levels and vault maps discovered:
D:1:      eino_arrival_druids_welcome, layout_basic,
          ebering_ecumenical_altar_ruins
D:2:      layout_basic, minmay_unequal, uniq_sigmund

Skill      XL: |  1  2 |
---------------+-------+-----
Axes           | 2 3 |  3.7
Fighting       | |  3.2
Armour         | |  3.2
Shields        | |  3.2

Action                   || total
-------------------------++-------
Melee: War axe           ||   134
  Use: Scroll            ||     6
Armor: Scale mail        ||    66
Dodge: Dodged            ||    50
Block: Buckler           ||    23

Table legend:
 A = Non-vault XP
 B = Vault XP
 C = Vault XP percentage of total XP
 D = Non-vault monster count
 E = Vault monster count
 F = Vault count percentage of total count
                 A         B        C        D         E       F
            +---------+---------+-------+---------+---------+-------
      Total |      72 |       6 |   7.7 |      33 |       3 |   8.3
            +---------+---------+-------+---------+---------+-------
        D:1 |      30 |       0 |   0.0 |      18 |       0 |   0.0
        D:2 |      42 |       6 |  12.5 |      15 |       3 |  16.7
            +---------+---------+-------+---------+---------+-------
